 Seeded DCSS version 0.31.0-32-g396128a36d (webtiles) character file.

Game seed: 7119664051964139608 (custom seed)

67 timneilson the Sneak (level 4, -4/25 HPs)
             Began as a Kobold Enchanter on Apr 4, 2024.
             Killed by nerve-wracking pain
             ... invoked by an orc priest
              (14 damage)
             ... on level 3 of the Dungeon.
             The game lasted 00:04:36 (2219 turns).

timneilson the Sneak (Kobold Enchanter)             Turns: 2219, Time: 00:04:36

Health: -4/25      AC:  3    Str:  5    XL:     4   Next: 38%
Magic:  7/7        EV: 16    Int: 16    God:
Gold:   144        SH:  0    Dex: 17    Spells: 7/7 levels left

rFire   . . .        a - +2 dagger
rCold   . . .        (no shield)
rNeg    . . .        b - +0 robe
rPois   .            (no helmet)
rElec   .            (no cloak)
rCorr   .            (no gloves)
SInv    .            f - +0 pair of boots
Will    .....        i - amulet of regeneration
Stlth   ++++         (no ring)
HPRegen 1.04/turn    (no ring)
MPRegen 0.10/turn

%: no passive effects
@: no status effects
A: small, no large weapons, nightstalker 3
a: no special abilities


You were on level 3 of the Dungeon.
You visited 1 branch of the dungeon, and saw 3 of its levels.

You collected 144 gold pieces.

Inventory:

Hand Weapons
 a - a +2 dagger (weapon)
Missiles
 l - a poisoned dart (quivered)
Armour
 b - a +0 robe (worn)
 f - a +0 pair of boots (worn)
Jewellery
 h - a ring of magical power
 i - an amulet of regeneration (around neck)
Scrolls
 e - a scroll of teleportation
 g - 2 scrolls of identify
 j - a scroll of enchant weapon
 k - a scroll of noise {unknown}
Potions
 c - 2 potions of invisibility
 d - a potion of attraction
 m - a potion of curing {unknown}
 n - a potion of brilliance {unknown}


   Skills:
 + Level 1.3 Fighting
 * Level 3.0 Short Blades
 + Level 0.8 Armour
 * Level 3.4 Dodging
 + Level 4.5 Stealth
 - Level 2.1 Spellcasting
 - Level 3.0 Hexes


You had 7 spell levels left.
You didn't know any spells.
Your spell library contained the following spells:

 Spells                   Type           Power      Damage    Failure   Level
 Ensorcelled Hibernation  Hex/Ice        12%        N/A       17%         2
 Confusing Touch          Hex            11%        N/A       19%         3
 Tukima's Dance           Hex            11%        N/A       19%         3
 Call Imp                 Summ           2%         N/A       30%         2
 Sublimation of Blood     Necr           1%         N/A       30%         2
 Dazzling Flash           Conj/Hex       12%        N/A       32%         3
 Summon Hydra             Summ           0%         N/A       100%        7


Dungeon Overview and Level Annotations

Branches:
Dungeon (3/15)

Altars:
Uskayaw

Shops:
D:1 !(!:


Innate Abilities, Weirdness & Mutations

You are small and have problems with some larger weapons.
You are completely attuned to the shadows.


Message History

You hit the orc.
The orc is almost dead.
The orc hits you but does no damage.
You hit the orc.
You kill the orc!
The orc hits you with a +0 hand axe.
Your Short Blades skill increases to level 3!
Throw: 2 darts (poison)
Press: ? - help, Q - select action Shift-Dir - straight line, f - orc priest
Aim: an orc priest, wielding a +0 war axe (56% to hit)
You throw a poisoned dart.
The poisoned dart closely misses the orc priest.
The orc barely misses you.
The orc priest invokes the aid of Beogh against you.
Pain shoots through your body! The orc misses you.
The orc priest completely misses you.
Things that are here:
a +0 dagger; an orc corpse You closely miss the orc priest.
The orc closely misses you.
The orc priest hits you but does no damage.
You barely miss the orc priest. The orc closely misses you.
The orc priest closely misses you.
You hit the orc priest.
The orc priest is moderately wounded.
The orc barely misses you. The orc priest barely misses you.
You barely miss the orc priest.
The orc priest is moderately wounded.
The orc barely misses you.
The orc priest hits you with a +0 war axe!
You hit the orc priest.
The orc priest is moderately wounded.
The orc priest closely misses you. The orc hits you with a +0 hand axe.
You barely miss the orc priest.
The orc priest is moderately wounded.
You barely miss the orc priest.
The orc priest is moderately wounded.
The orc priest invokes the aid of Beogh against you.
Pain shoots through your body!
Ouch! That really hurt!
You die...

####.............. #
#.##...†......
#..........#.
###....#..#.##.....
#..†...#.##.##.......
#...##......##..!....
#.##........##.......
.....................
....####.)..##))@o.(.
...(.. ##...##..o....
...... #...##.......
..<.. #...##.......
.... #...####.####
... ##)..## #######
#......
......###.....#
#####.##......#


You could see an orc priest and an orc.

Vanquished Creatures
  An adder (D:3)
  2 dart slugs
  4 orcs (D:3)
  3 ball pythons
  6 endoplasms
  A giant cockroach (D:1)
  3 goblins
  2 hobgoblins (D:2)
  8 jackals (D:2)
  3 kobolds
  A quokka (D:1)
  6 bats
  4 rats
44 creatures vanquished.

Notes
Turn   | Place    | Note
-------+----------+-------------------------------------------
     0 | D:1      | timneilson the Kobold Enchanter began the quest for the
                  | Orb.
     0 | D:1      | Reached XP level 1. HP: 10/10 MP: 3/3
   216 | D:1      | Found Favvooho's Distillery.
   332 | D:1      | Reached XP level 2. HP: 16/16 MP: 5/5
   480 | D:1      | Found Unyrphag's Distillery.
   587 | D:1      | Found Gual's Weapon Boutique.
   622 | D:1      | Found a faded altar of an unknown god.
   975 | D:1      | Found Ibusyduo's Book Emporium.
  1146 | D:2      | Found a hide-covered altar of Uskayaw.
  1164 | D:2      | Reached XP level 3. HP: 20/20 MP: 6/6
  1515 | D:2      | Reached skill level 1 in Fighting
  2014 | D:3      | Reached XP level 4. HP: 25/25 MP: 7/7
  2219 | D:3      | Killed from afar by an orc priest

Illustrated notes

Levels and vault maps discovered:
D:1:      psy_arrival_basics, layout_loops_corners, serial_shops, shop,
          nicolae_shop_pleasant_corner_grove, shop, nicolae_shop_trees,
          basic_ecumenical_altar, minmay_misc_feat_doors, minivault_27,
          minmay_hedge_maze
D:2:      layout_basic, basic_altar
D:3:      layout_rooms

Skill      XL: |  1  2  3  4 |
---------------+-------------+-----
Short Blades   | 2 3 |  3.0
Dodging        | 3 |  3.4
Fighting       | 1 |  1.3
Armour         | |  0.8
Stealth        | |  4.5
Spellcasting   | |  2.1
Hexes          | |  3.0

Action                     |  1- 3 |  4- 6 || total
---------------------------+-------+-------++-------
  Melee: Dagger            |    89 |    19 ||   108
  Throw: Dart              |       |     2 ||     2
    Use: Scroll            |     4 |       ||     4
   Stab: Sleeping          |    19 |     2 ||    21
         Distracted        |     3 |     1 ||     4
 Armour: Robe              |    26 |     8 ||    34
  Dodge: Dodged            |    60 |    13 ||    73
